TKirby, neutral male human Wizard ----- ---------#######*######## .....| |.......|# ## .| |.......|# # ........|# ### --.----.-# # # #### ### # # # # ------------ ################%#################### |...........###### #---------------# ### # |..........| # #|.>...........|# # # |.......<..-########|..............# ## # ---------.-- #%.............| --.-q------ # |..............# |...ea.F..| ---------------####-....@..... |.........| |.........| |.........| ----------- TKirby the Conjurer Experience level: 4 Strength: 9 Dexterity: 15 Constitution: 15 Intelligence: 17 Wisdom: 10 Charisma: 10 Health: 0(31) Energy: 2(32) Def: 3 Gold: 349 Moves: 2215 Dungeon seed: 90OelNVWNXZAu0tc Game ID: TKirby_1505773915 Your Inventory: Coins $ - 349 gold pieces Weapons a - a blessed +1 quarterstaff (weapon in hands) v - a +0 dagger Armor e - an uncursed +0 cloak of magic resistance (being worn) n - an uncursed +0 pair of high boots (being worn) y - an uncursed +0 pair of gauntlets of power Comestibles o - an uncursed food ration Scrolls i - 2 uncursed scrolls of identify j - a blessed scroll of identify p - an uncursed scroll of enchant armor Spellbooks k - a blessed spellbook of force bolt l - an uncursed spellbook of extra healing Potions f - an uncursed potion of invisibility A - a cursed potion of sleeping Rings c - an uncursed +1 ring of adornment d - an uncursed ring of fire resistance Wands b - a wand of secret door detection (0:12) Tools r - an uncursed towel z - an uncursed tin whistle Spells and supernatural/magical abilities: Name Level Category Fail Memory a - force bolt 1 attack 0% 89% x - extra healing 3 healing 93% 89% W - pray for help -- divine ? -- Your skills at the end: Fighting Skills Weapon Skills quarterstaff [Basic] Spellcasting Skills attack spells [Basic] enchantment spells [Basic] Final Attributes: You were piously aligned. You were magic-protected. You are dead. Vanquished creatures: an imp 5 giant ants a floating eye a homunculus a dwarf zombie an iguana a gas spore a hobbit a large kobold a hobgoblin a giant rat a red mold 2 geckos 4 jackals a fox 3 goblins 4 grid bugs 3 lichens 5 newts 38 creatures vanquished. Voluntary challenges: You followed a strict vegan diet. You had been an atheist until turn 1903. You used a wielded weapon 37 times, starting on turn 22. You read items or engraved 1 time, starting on turn 1185. You never genocided any monsters. You never polymorphed an object. You never changed form. You used no wishes. You never split a pudding. You never wrote Elbereth's name. You never violated your personal moral code. Dungeon overview: The Dungeons of Doom: levels 1 to 5 Level 1 a long staircase Level 2 Level 3 a fountain Level 4 a long staircase Level 5 <- You were here History has recorded: On T:1 you entered the Dungeons of Doom to retrieve the Amulet of Yendor! On T:237 you advanced to experience level 2. On T:572 you reached level 2 of The Dungeons of Doom. On T:1086 you reached level 3 of The Dungeons of Doom. On T:1199 you advanced to experience level 3. On T:1524 you reached level 4 of The Dungeons of Doom. On T:1806 you reached level 5 of The Dungeons of Doom. On T:2069 you advanced to experience level 4. Score breakdown: Gold: 349 ( 8654 points) Experience: 4 levels ( 9649 points) Exploration: 5 levels ( 10.42%) ( 8751 points) Discoveries: 2 items ( 0.69%) ( 2495 points) Valuables value: (no points given unless you survive) Artifact value: 0 ( 0 points) Variety of kills: 19 monsters ( 4.99%) ( 6699 points) Turncount: 2215 turns ( -151 points) Survival: died (score multiplied by 80%) Total score: 28877 Latest messages: The spell misses the giant ant. The giant ant bites! The spell hits the giant ant! You kill the giant ant! The giant ant bites! (2x) The giant ant just misses! You hit the giant ant! The giant ant bites! (2x) The spell misses the giant ant. The giant ant bites! (4x) The spell hits the giant ant! You kill the giant ant! The giant ant bites! The spell misses the giant ant. The giant ant bites! You die... Final status: Goodbye TKirby the Wizard, killed by a giant ant... You died in The Dungeons of Doom on dungeon level 5 with 28877 points, and 349 pieces of gold, after 2215 moves. You were level 4 with a maximum of 31 hit points when you died.